[Event "*** Titled Tuesday Blitz"]
[Site "Chess.com"]
[Date "2021.02.02"]
[Round "2"]
[White "olksuna"]
[Black "Hongjin"]
[Result "0-1"]
[WhiteElo "2692"]
[BlackElo "2503"]
[TimeControl "180+1"]
[EndTime "10:21:45 PST"]
[Termination "Hongjin won by resignation"]

1. e4 c5 2. Nf3 d6 3. d4 cxd4 4. Nxd4 Nf6 5. Nc3 a6 6. Be2 e5 7.
Nf3 Be7 8. Bg5 O-O 9. O-O Be6 10. Bxf6 Bxf6 11. Nd5 Bxd5 12. Qxd5 Qc7 13. c3 Nd7 14. Rfd1 Be7 15. a4 Nf6 16. Qd3 Nh5 17. g3 Nf6 18.
Nh4 g6 19. Ng2 Qc6 20. Bf3 b5 21. a5 Rfd8 22. Ne3 Bf8 23. Kg2 Rac8 24. h4 h5 25. Nc2 Qb7 26. Nb4 Rc4 27. Re1 Re8 28. Rad1 Ra8 29.
Qe3 Qc7 30. Ra1 Qb7 31. Qb6 Qc8 32. Rad1 Nd7 33. Qe3 Nf6 34. Qg5 Be7 35. Qh6 Qc7 36. Ra1 Bf8 37. Qg5 Be7 38. Qd2 Qb7 39. Qd3 Rac8 40.
Qe3 Ra8 41. Qb6 Qc8 42. Qe3 Bf8 43. Kg1 Qc7 44. Qd3 Qb7 45. Rad1 Be7 46. Ra1 Rac8 47. Bg2 Ra8 48. Kh1 Ng4 49. Qe2 Qa7 50. Rf1 Nf6 51. f4 Qb7 52. Rae1 Ng4 53. Nd5 Bd8 54. f5 g5 55. Bh3 Rac8 56. Bxg4 hxg4 57. Qxg4 Qxd5 58.
hxg5 Qd2 59. Rd1 Qxg5 60. Qxg5+ Bxg5 61. Rxd6 Rxe4 62. Rxa6 b4 63. Rf2 bxc3 64. bxc3 Rxc3 65. Kg2 Ree3 66. f6 Rxg3+ 67. Kf1 Rcf3 68. Ra8+ Kh7 69. Ra7 Kg6 70. a6 Rxf2+ 71. Kxf2 Ra3 72. Ra8 Bxf6 73. a7 Bg7 74. Ke2 e4 75. Kd2 Rd3+ 76. Ke2 Ra3 77. Kd2 Kh7 78. Ke2 Bd4 79. Kf1 Rxa7 80. Re8 f5 81.
Kg2 Kg6 82. Kg3 Bf6 83. Kf4 Bg5+ 84. Ke5 Re7+ 0-1

[Event "*** Titled Tuesday Blitz"]
[Site "Chess.com"]
[Date "2021.02.02"]
[Round "2"]
[White "bsnsun"]
[Black "Maghalashvili"]
[Result "0-1"]
[WhiteElo "2480"]
[BlackElo "2692"]
[TimeControl "180+1"]
[EndTime "10:21:52 PST"]
[Termination "Maghalashvili won by checkmate"]

1. d4 Nf6 2. c4 c5 3. d5 g6 4. Nf3 Bg7 5. Nc3 O-O 6. g3 e6 7. Bg2 exd5 8. cxd5 d6 9. O-O Re8 10. Nd2 Na6 11. Nc4 Nc7 12. a4 b6 13. Bf4 Bf8 14.
Qd2 Ba6 15. b3 Nh5 16. Bg5 Be7 17. Bxe7 Qxe7 18. Rfe1 Nf6 19. h3 Nd7 20. e4 Ne5 21. Nxe5 Qxe5 22. Rad1 b5 23. axb5 Nxb5 24. Nxb5 Bxb5 25.
f4 Qe7 26. e5 a5 27. Ra1 Qc7 28. exd6 Qb6 29. Kh2 Red8 30. Re7 Qxd6 31. Rae1 c4 32. bxc4 Bxc4 33. Qd4 Bb3 34. R1e6 Qb4 35. Qf6 Rf8 36. Rb6 Qc4 37. Rbb7 Ra6 38. d6 Qc2 39. Qd4 Rd8 40.
d7 Re6 41. Rxe6 Bxe6 42. Qb6 Rxd7 43. Rxd7 Bxd7 44. Qd8+ Kg7 45. Qxd7 a4 46. Qd4+ Kg8 47.
Qb4 Qa2 48. h4 a3 49. Kh3 Qe6+ 50. g4 Qe3+ 51. Kh2 a2 52. Qb8+ Kg7 53. Qb2+ Kh6 54. g5+ Kh5 55. Qxa2 Qxf4+ 56. Kg1 Qd4+ 57. Kf1 Qf4+ 58.
Kg1 Kxh4 59. Qe2 Kxg5 60. Qe1 f6 61. Qe7 Qd4+ 62. Kh1 h5 63. Kh2 Qh4+ 64. Kg1 Qd4+ 65. Kh1 h4 66. Kh2 Qf4+ 67. Kh1 Qg3 68. Qe6 f5 69. Qd5 Qe1+ 70. Kh2 Qg3+ 71. Kh1 h3 72. Qd8+ Kg4 73. Qd4+ Kg5 74. Qd8+ Kh5 75. Qh8+ Kg4 76. Qd4+ f4 77. Qd7+ Kh4 78. Qh7+ Kg5 79. Qd7 Qxg2# 0-1

[Event "*** Titled Tuesday Blitz"]
[Site "Chess.com"]
[Date "2021.02.02"]
[Round "2"]
[White "vugarrasulov"]
[Black "tteshan"]
[Result "1-0"]
[WhiteElo "2738"]
[BlackElo "2343"]
[TimeControl "180+1"]
[EndTime "10:21:54 PST"]
[Termination "vugarrasulov won by checkmate"]

1. e4 c5 2. Nf3 d6 3. d4 cxd4 4. Nxd4 Nf6 5. Nc3 Nc6 6. Be3 e6 7. Bc4 a6 8. Qe2 Qc7 9. O-O-O b5 10. Bb3 b4 11. Na4 Nxe4 12. Rhe1 Bb7 13. Qh5 g6 14.
Qh3 Bg7 15. Nb6 Nxd4 16. Bxd4 Bxd4 17. Nxa8 Qc5 18. Nc7+ Kd7 19. Nxe6 fxe6 20. Qxe6+ Kc7 21. Rxe4 Bxe4 22. Qxe4 Bxf2 23. Qe7+ Kb8 24. Kb1 Bd4 25. Rf1 Rc8 26. Rf7 Rc7 27. Qd8+ Rc8 28. Qe7 Rc7 29. Qe8+ Rc8 30. Qe4 Rc7 31. Rf8+ Rc8 32. Rxc8+ Kxc8 33. Qe8+ Kb7 34. Qe7+ Kb6 35. Qd8+ Qc7 36. Qh4 Qg7 37. a4 bxa3 38. bxa3 Be5 39. Ka2 Qc7 40. Qb4+ Ka7 41.
Bc4 Bd4 42. Bd3 Be5 43. Kb3 Qf7+ 44. Bc4 Qc7 45. g3 h5 46. Bd3 g5 47. a4 Qf7+ 48.
Ka3 Qc7 49. Ka2 Qc6 50. a5 Bc3 51. Qb3 Bxa5 52. Qf7+ Bc7 53. Kb2 Qb6+ 54. Kc3 Qc5+ 55. Kd2 Kb8 56. Qe8+ Kb7 57. Qf7 Kb8 58. Qf8+ Kb7 59.
Be4+ Kb6 60. Qf7 Qd4+ 61. Bd3 Kb7 62. Qxh5 Ba5+ 63. Ke2 Qg1 64. Qf3+ Kc7 65. Qf7+ Kb6 66. Qb3+ Kc7 67. Qf7+ Kb6 68. Kf3 Be1 69. Kg4 Qxh2 70. Qf3 Qd2 71. Qd5 Qb4+ 72. Kh5 Bxg3 73. Qa8 Be5 74.
Qxa6+ Kc5 75. Qc8+ Kd4 76. Qg4+ Kc3 77. Qe2 Qd4 78. Qe1+ Kb2 79. Qe2 g4 80. c4+ Ka3 81. c5 dxc5 82. Bc4 g3 83. Qa2+ Kb4 84. Qb3+ Ka5 85. Qb5# 1-0

[Event "*** Titled Tuesday Blitz"]
[Site "Chess.com"]
[Date "2021.02.02"]
[Round "2"]
[White "kagg1125"]
[Black "Chopper1905"]
[Result "0-1"]
[WhiteElo "2581"]
[BlackElo "2926"]
[TimeControl "180+1"]
[EndTime "10:21:56 PST"]
[Termination "Chopper1905 won by checkmate"]

1. e4 e5 2. Nf3 Nc6 3. Bc4 Bc5 4.
c3 Nf6 5. d4 exd4 6. e5 d5 7. Bb5 Ne4 8. cxd4 Bb6 9. Nc3 Bg4 10.
Be3 O-O 11. h3 Bh5 12. Qc2 Nxc3 13. bxc3 f6 14. Bxc6 bxc6 15. exf6 Qxf6 16. Ne5 Rad8 17. O-O c5 18. f4 Rfe8 19. dxc5 Ba5 20. Bd4 Qa6 21.
g4 Bg6 22. f5 Bf7 23. Rfe1 Qh6 24. Kg2 c6 25. Re2 Bc7 26. Rae1 Bxe5 27. Rxe5 Rxe5 28. Rxe5 Rb8 29. Qe2 Qc1 30. Qf2 Rb1 31. Re2 h5 32.
Kg3 Qh1 33. Qe3 Rf1 34. g5 h4+ 35. Kxh4 Rf3 36. Qxf3 Qxf3 37. Rf2 Qe4+ 38. Kg3 Bh5 39. Rf4 Qe1+ 40. Kg2 Be2 41. Rf2 Bd3 42. f6 Be4+ 43.
Kg3 gxf6 44. gxf6 Kf7 45. Kf4 Qc1+ 46. Ke5 Qh1 47. Kd6 Qxh3 48. Kxc6 Qc8+ 49. Kd6 Bd3 50. Ke5 Qe6+ 51. Kf4 Qe4+ 52. Kg3 Qg6+ 53. Kf4 Qe4+ 54. Kg3 Bb5 55. Rf4 Qe1+ 56. Rf2 Bd7 57. Kf3 Qe4+ 58.
Kg3 Qg4+ 59. Kh2 Qh4+ 60. Kg1 a5 61. Rg2 Qe1+ 62. Kh2 Qh4+ 63. Kg1 Bg4 64. Rf2 Qg3+ 65. Rg2 Qe1+ 66. Kh2 Qh4+ 67. Kg1 a4 68. Bf2 Qh5 69. Bd4 a3 70. Kf2 Qf5+ 71. Kg3 Bf3 72. Rf2 Qg4+ 73. Kh2 Qf4+ 74. Kg1 Qg3+ 75. Kf1 Be4 76. Ke1 Qg1+ 77. Ke2 Qb1 78. Ke3 Qd3+ 79. Kf4 Qb1 80. Ke5 Qb8# 0-1

[Event "*** Titled Tuesday Blitz"]
[Site "Chess.com"]
[Date "2021.02.02"]
[Round "2"]
[White "Gerodot71"]
[Black "carlocapau"]
[Result "1/2-1/2"]
[WhiteElo "2473"]
[BlackElo "2304"]
[TimeControl "180+1"]
[EndTime "10:22:03 PST"]
[Termination "Game drawn - insufficient material"]

1. d4 Nf6 2. c4 g6 3. Nc3 Bg7 4. e4 d6 5. Nf3 O-O 6. h3 e5 7.
d5 Nh5 8. Be3 Na6 9. g3 f5 10.
exf5 gxf5 11. Nh4 Nf4 12. Qc2 Nc5 13. O-O-O a5 14. Rg1 Ng6 15. Nf3 b6 16. h4 Kh8 17.
h5 Ne7 18. Be2 a4 19. Kb1 Ng8 20. Ne1 a3 21. b3 Qf6 22. Ng2 Bd7 23. f4 e4 24. Bd4 Qf7 25. Ne3 Nh6 26. Qd2 Rg8 27.
Rg2 Bxd4 28. Qxd4+ Qg7 29. Qd2 Qf6 30. Qd4 Qxd4 31.
Rxd4 Rg7 32. Rd1 Rag8 33. Rdg1 Nf7 34. Kc2 Na6 35. Nb1 Nb4+ 36. Kd2 Nxa2 37. Nxa3 Ra8 38.
Nac2 b5 39. Ra1 bxc4 40. Bxc4 Ra7 41. b4 Rg8 42. Rxa2 Rb7 43. Kc3 Nh6 44. Rg1 Ng4 45.
Nxg4 Rxg4 46. Ne3 Rg8 47. Ra3 Rgb8 48. Nc2 Rg8 49. Kd4 Kg7 50. Rga1 Kh6 51. Ne3 Kxh5 52. Kc3 Kg6 53. Rh1 h5 54. Raa1 Rgb8 55. Rhg1 Rxb4 56. Ra2 R4b6 57. Nc2 c6 58. Nd4 cxd5 59. Bxd5 Rc8+ 60. Kd2 Rb4 61. Ne2 Rc5 62. Ba8 d5 63. Ke3 Rb3+ 64.
Kf2 Bb5 65. Rd1 Bxe2 66. Kxe2 Rb4 67. Rad2 Rc3 68. Bxd5 Ra4 69. Kf2 Raa3 70. Kg2 Rxg3+ 71. Kh2 Rh3+ 72. Kg1 Rhg3+ 73. Rg2 Rxg2+ 74. Kxg2 h4 75. Rf1 Kh5 76. Be6 Kg4 77. Kh2 Ra2+ 78. Kh1 h3 79. Re1 Kxf4 80. Rf1+ Kg3 81. Bxf5 e3 82. Re1 e2 83. Bd3 Kf3 84. Rxe2 Rxe2 85. Bxe2+ Kxe2 86. Kh2 Kf2 87. Kxh3 1/2-1/2

[Event "*** Titled Tuesday Blitz"]
[Site "Chess.com"]
[Date "2021.02.02"]
[Round "2"]
[White "NMJeevanK"]
[Black "Rsnr"]
[Result "0-1"]
[WhiteElo "2505"]
[BlackElo "2764"]
[TimeControl "180+1"]
[EndTime "10:22:07 PST"]
[Termination "Rsnr won by resignation"]

1. e4 c6 2. d4 d5 3. exd5 cxd5 4.
Nf3 Nc6 5. Bd3 Bg4 6. c3 e6 7. h3 Bh5 8. O-O Bd6 9. Nbd2 Nge7 10. Re1 Qc7 11. Nf1 Bg6 12. b4 O-O 13. Ne3 Rac8 14.
Bb2 Bxd3 15. Qxd3 Ng6 16. Rac1 a6 17. a4 Nce7 18. Ng4 Nf5 19. Nge5 Nxe5 20. dxe5 Be7 21. Nd4 Nxd4 22. Qxd4 Qc4 23. Qb6 Qc6 24. Qxc6 Rxc6 25. a5 Rfc8 26. Rcd1 Rc4 27. Re3 h5 28. g3 g6 29. Kg2 Bd8 30. f4 b6 31. axb6 Bxb6 32. Red3 h4 33. Ra1 hxg3 34. Kxg3 Ra8 35. Kf3 a5 36.
bxa5 Rxa5 37. Rxa5 Bxa5 38. h4 Kg7 39. Kg4 Kh6 40.
Rh3 Bc7 41. Re3 Ra4 42. Bc1 Ra1 43. Re1 Kg7 44. h5 gxh5+ 45. Kxh5 Ra2 46. Rg1+ Kf8 47.
Be3 Rh2+ 48. Kg4 Rc2 49. Bc5+ Ke8 50. Bd4 Ba5 51. Rg3 Ke7 52. f5 Re2 53. f6+ Kd7 54.
Kf4 Re4+ 55. Kf3 Bc7 56. Rg7 Bxe5 57. Rxf7+ Kc6 58. Bxe5 Rxe5 59. Kg4 Rf5 60. Rf8 Kd6 61. Kg3 Ke5 62. f7 Kf6 63. Kg4 Ke7 64. Rc8 Kxf7 65. c4 d4 66. c5 Kf6 67. c6 Rc5 68. c7 Ke5 69. Kf3 Rc3+ 70. Ke2 Ke4 71. Kd2 e5 72. Ke1 Rc6 73. Kd2 Rc3 74. Kd1 Kd3 75. Re8 Rxc7 76. Rxe5 Ra7 77. Kc1 Ra1+ 78. Kb2 Rf1 79. Rh5 Re1 80.
Rh3+ Re3 81. Rh4 Re4 82. Rh3+ Kd2 83. Kb3 d3 84. Rh1 Re1 85. Rh2+ Re2 86. Rh1 Re8 87. Rh3 Rb8+ 88. Kc4 Rc8+ 89. Kd4 Kc2 90. Rh2+ d2 91. Ke3 Re8+ 92. Kd4 Kc1 93. Kc3 d1=Q 94. Ra2 Rc8+ 0-1

[Event "*** Titled Tuesday Blitz"]
[Site "Chess.com"]
[Date "2021.02.02"]
[Round "2"]
[White "VALPARAISO37"]
[Black "LamaChampetre"]
[Result "1-0"]
[WhiteElo "2439"]
[BlackElo "2210"]
[TimeControl "180+1"]
[EndTime "10:22:08 PST"]
[Termination "VALPARAISO37 won on time"]

1. d4 Nf6 2. c4 g6 3. Nc3 d5 4. Bf4 Bg7 5. Nf3 O-O 6. e3 c5 7.
dxc5 Qa5 8. Rc1 dxc4 9. Bxc4 Qxc5 10. Bb3 Nc6 11. O-O Qa5 12. h3 Rd8 13. Qe2 Bf5 14. e4 Bc8 15. e5 Nh5 16. Bh2 Bf5 17. Rfd1 Qb4 18. g4 Bxg4 19. hxg4 Qxg4+ 20. Kh1 Bh6 21. Rg1 Qh3 22. Rce1 Bf4 23. Qe4 Nd4 24. Bxf7+ Kh8 25.
Rg2 Nxf3 26. Re3 Bxh2 27. Qxf3 Qxf3 28. Rxf3 Bxe5 29. Nd5 Nf6 30. Nxe7 Rd1+ 31. Rg1 Rd7 32. Nxg6+ hxg6 33. Bxg6 Rg7 34. Rh3+ Kg8 35. Rh6 Bd6 36. Rd1 Rd8 37. f4 Ng4 38. Rxd6 Nf2+ 39. Kh2 Rxd6 40. Bf7+ Kxf7 41. Rxd6 Ng4+ 42. Kh3 Nf6 43. Rd8 Kg6 44. Ra8 Rh7+ 45. Kg3 a6 46. Rc8 Kf5 47. Rc5+ Ke6 48.
Re5+ Kf7 49. f5 Rg7+ 50. Kf4 Rg4+ 51. Kf3 Rc4 52. b3 Rc3+ 53. Kf4 Rc2 54. Ra5 Nh5+ 55. Kg5 Nf6 56. Re5 Rg2+ 57. Kf4 Rxa2 58. Kf3 Rb2 59. Re3 b5 60. Rd3 a5 61. Rc3 a4 62. Rc7+ Ke8 63.
bxa4 Rb3+ 64. Ke2 bxa4 65. Ra7 a3 66. Kd2 Nd5 67. Kc2 Nb4+ 68. Kd2 Rb2+ 69. Kc3 a2 70. Kxb2 Nd5 71. Kxa2 Ne3 72. f6 Nd5 73. f7+ Kf8 74. Kb3 Ne7 75. Kc4 Kxf7 76. Kc5 Ke6 77. Ra6+ Kf7 78.
Kd6 Nf5+ 79. Ke5 Ne7 80. Ra7 Kf8 81. Ke6 Nc6 82. Ra8+ Kg7 83. Rc8 1-0

[Event "*** Titled Tuesday Blitz"]
[Site "Chess.com"]
[Date "2021.02.02"]
[Round "2"]
[White "remi04"]
[Black "GigaQuparadze"]
[Result "1-0"]
[WhiteElo "2607"]
[BlackElo "2987"]
[TimeControl "180+1"]
[EndTime "10:22:18 PST"]
[Termination "remi04 won by resignation"]

1. e4 c5 2. Nf3 e6 3. d4 cxd4 4. Nxd4 a6 5. c4 Nf6 6. Nc3 Bb4 7. Qd3 O-O 8. e5 Ne8 9. Nc2 Bxc3+ 10. Qxc3 d6 11.
exd6 Nxd6 12. Bd3 e5 13. Be3 e4 14. Be2 Nf5 15. Bc5 Re8 16. Ne3 Nxe3 17. Bxe3 Nc6 18. Rd1 Qe7 19. O-O Bf5 20. Rd5 Be6 21. Rg5 f6 22. Rg3 Rac8 23. b3 Ne5 24. Bd4 Bf5 25.
Re3 Nc6 26. Bb6 Qe5 27. Rd1 Qxc3 28. Rxc3 Nb4 29. a3 Nd3 30. Be3 b5 31. c5 Rc6 32.
b4 a5 33. Bxd3 exd3 34. bxa5 Ra8 35. f3 Rxa5 36. g4 Bg6 37. h4 h6 38. h5 Bh7 39.
Kf2 Kf7 40. Rd2 Ke6 41. Rb2 Kd5 42. Rcb3 Kc4 43. Rb4+ Kd5 44. Rxb5 Rxa3 45. Rb7 Rc3 46. Rd2 Bg8 47. Rxg7 Be6 48. Bxh6 R6xc5 49. Be3 Rc8 50.
h6 Rc2 51. h7 Rh8 52. Ke1 Rc1+ 53. Kf2 Rc2 54. Ke1 Rc3 55. Ra7 Kc4 56. Rc7+ Kb3 57. Re7 Bc4 58. Kf2 Rc2 59. Kg3 Kc3 60. Rd1 d2 61. Bh6 Be2 62. Rxe2 Rxh7 63. Bxd2+ Kd3 64. Re3+ Kc4 65. Ra3 Rd7 66. Ra4+ Kb5 67. Rf4 Rd6 68. Rf5+ Kc6 69. Rc1 Rxd2 70. Rxc2+ Rxc2 71. Rxf6+ Kd5 72. Kf4 Rc4+ 73. Kg5 Rc1 74. f4 Ke4 75. Re6+ Kf3 76. f5 Rc4 77. Kf6 Rxg4 78. Ke7 Rg7+ 79. Kf8 Rc7 80. f6 Kf4 81. f7 Kf5 82. Ra6 Rc1 83. Kg8 Rg1+ 84. Kf8 Kg5 85. Kg7 Kf5+ 86. Kh8 Rh1+ 87.
Kg8 Rg1+ 88. Kf8 Kg5 89. Rb6 Rg2 90. Rc6 Rg1 91. Ke7 Re1+ 92. Re6 1-0

[Event "*** Titled Tuesday Blitz"]
[Site "Chess.com"]
[Date "2021.02.02"]
[Round "2"]
[White "enriquetejedor"]
[Black "vovachesss"]
[Result "1-0"]
[WhiteElo "2518"]
[BlackElo "2733"]
[TimeControl "180+1"]
[EndTime "10:22:19 PST"]
[Termination "enriquetejedor won by resignation"]

1. e4 e5 2. Nf3 d6 3. d4 Nd7 4.
Bc4 c6 5. dxe5 dxe5 6. O-O Be7 7. Ng5 Bxg5 8. Qh5 Qe7 9. Bxg5 Ngf6 10. Qe2 Nc5 11. Nd2 O-O 12. a3 b5 13. Ba2 Be6 14. f3 Na4 15. Rfb1 Bxa2 16. Rxa2 Qc5+ 17. Qe3 Qxc2 18.
Rba1 Qc5 19. b3 Qxe3+ 20. Bxe3 Nb6 21. Rc1 Rfd8 22. Rxc6 Rd3 23. Kf2 Rad8 24. Ke2 h6 25. Rac2 Nh5 26. g3 Nf6 27. g4 R3d7 28. h4 Nh7 29. Bxb6 axb6 30. Rxb6 Nf8 31. b4 Ne6 32. Nb3 Nf4+ 33. Kf2 Rd3 34. Nc5 Rxa3 35. Rxb5 Nd3+ 36. Kg3 Ne1 37. Rf2 Nd3 38. Nxd3 Rdxd3 39. Rxe5 Rab3 40. Re8+ Kh7 41. Re7 f6 42. Rb7 Rd4 43. Kf4 Rc4 44. b5 Rcb4 45. h5 Kg8 46. Rd2 Rxb5 47. Rd8+ Kh7 48.
Rxb5 Rxb5 49. Rd1 Rb3 50. Rf1 Rb5 51. Rd1 Rb3 52. Rd4 Ra3 53. Rd5 Rb3 54. Rd6 Rc3 55. Rd8 Rb3 56. Rc8 Ra3 57. Rb8 Rc3 58. Kg3 Rd3 59. Rb7 Rc3 60. Re7 Rd3 61. Ra7 Rb3 62. Ra1 Rc3 63. Rg1 Rb3 64. Rg2 Rc3 65. Rh2 Rb3 66.
Rh1 Rc3 67. Rb1 Rd3 68. Kf4 Rc3 69. Re1 Rd3 70. Rf1 Rc3 71. Kf5 Rb3 72. f4 Kg8 73. Rc1 Rb7 74. Rc8+ Kf7 75. Rc5 Rd7 76. Rd5 Rc7 77. Ra5 Re7 78. e5 fxe5 79. fxe5 Rb7 80. e6+ Ke7 81. Rd5 Ra7 82. Rd7+ Rxd7 83. exd7 Kxd7 84. Kg6 Ke8 85. Kxg7 Ke7 86. Kxh6 Kf7 87. g5 Kg8 88. Kg6 Kh8 89. Kf6 Kg8 90. g6 Kh8 91. h6 Kg8 92. h7+ Kh8 93. g7+ Kxh7 94. Kf7 Kh6 95.
g8=Q 1-0

[Event "*** Titled Tuesday Blitz"]
[Site "Chess.com"]
[Date "2021.02.02"]
[Round "2"]
[White "JonahWillow"]
[Black "EmirhanTarlabasi"]
[Result "0-1"]
[WhiteElo "2690"]
[BlackElo "2496"]
[TimeControl "180+1"]
[EndTime "10:22:32 PST"]
[Termination "EmirhanTarlabasi won by resignation"]

1. e4 e6 2. d4 d5 3. Nd2 c5 4. Ngf3 Nc6 5. exd5 exd5 6. Bb5 Qe7+ 7. Be2 Qc7 8. O-O Nf6 9. dxc5 Bxc5 10. Nb3 Be7 11.
Bg5 O-O 12. c3 Rd8 13. Nbd4 a6 14. Re1 Bg4 15. h3 Bh5 16. Nf5 Ne4 17. Nxe7+ Nxe7 18. Bxe7 Qxe7 19. Nd2 Qc5 20. Nxe4 dxe4 21. Qc2 e3 22.
Bxh5 exf2+ 23. Qxf2 Qxh5 24. Re7 Rd1+ 25. Rxd1 Qxd1+ 26. Re1 Qd5 27. Qb6 g6 28. b3 h5 29. c4 Qd7 30. Qf6 Re8 31. Rf1 Re6 32. Qf3 Kg7 33. Rf2 Re1+ 34. Kh2 Qc7+ 35. g3 Qe7 36. Qc3+ Kg8 37.
Qd2 Re6 38. Qd4 Rd6 39. Qc5 Re6 40. Qc8+ Kg7 41. Qb8 Re2 42. Qf4 Rxf2+ 43. Qxf2 Qe5 44. Kg2 Qe4+ 45. Kh2 Qe5 46. h4 Qe6 47. Qb2+ Kg8 48.
Qg2 Qd7 49. a4 Qd6 50. Qf3 Qb4 51. Kh3 Qb6 52. Qd3 Kg7 53. Kg2 Qc6+ 54. Kf2 Qb6+ 55. Ke2 Qe6+ 56. Kd2 b6 57. Qc3+ Kh7 58. a5 bxa5 59.
Qxa5 Qd6+ 60. Kc2 Qxg3 61. Qxa6 Qxh4 62. c5 Qf2+ 63. Kb1 Qxc5 64. Qb7 h4 65. Qxf7+ Kh6 66. Qf4+ Kh5 67. Qf3+ Kh6 68. Qf4+ Qg5 69. Qf8+ Kh5 70. Qh8+ Kg4 71. b4 Qf5+ 72. Ka2 h3 73. Qd4+ Kg3 74.
Qg1+ Kh4 75. Qe1+ Kh5 76. Qe2+ Qg4 77. Qe5+ Kh4 78. b5 Qg2+ 79. Kb1 h2 80. Qh8+ Kg5 81. Qe5+ Kg4 82. Qd4+ Kg3 83. Qe3+ Qf3 84. Qg5+ Kf2 85. Qh4+ Qg3 86. Qf6+ Kg1 87. Qd4+ Qf2 88. Qg4+ Kh1 89. Qe4+ Qg2 90. Qe5 Kg1 91. Qe3+ Qf2 92. Qg5+ Kf1 93. Qh6 Qe1+ 94. Ka2 Qe2+ 95. Kb3 Qf3+ 96. Ka4 Qe4+ 97.
Ka5 h1=Q 98. Qc1+ Qe1+ 0-1

[Event "*** Titled Tuesday Blitz"]
[Site "Chess.com"]
[Date "2021.02.02"]
[Round "2"]
[White "azikom"]
[Black "Vyacheslav_N"]
[Result "1-0"]
[WhiteElo "2651"]
[BlackElo "2384"]
[TimeControl "180+1"]
[EndTime "10:22:37 PST"]
[Termination "azikom won by checkmate"]

1. d4 Nf6 2. c4 e6 3. Nc3 Bb4 4.
Qc2 O-O 5. a3 Bxc3+ 6. Qxc3 d6 7. Bg5 h6 8. Bh4 Nc6 9. e3 a5 10. Bd3 Bd7 11. Ne2 Re8 12. O-O e5 13. Rfe1 e4 14.
Bc2 g5 15. Bg3 a4 16. Rac1 b6 17. Bb1 Nh5 18. c5 bxc5 19. dxc5 d5 20. Ba2 Ne7 21. Nd4 c6 22. Bd6 Nf5 23. Nxf5 Bxf5 24. Red1 Qf6 25. Qxf6 Nxf6 26. Rd4 Rec8 27. Rb4 Ne8 28. Bg3 Be6 29. Bb1 Ra7 30. Bc2 Rca8 31. Bb8 Ra5 32. Bd1 f5 33.
Rb6 Bd7 34. Be5 R5a6 35. Rb7 R6a7 36. Rb4 Kf7 37. h3 Ke6 38. Bd4 Nc7 39. Be2 Ra5 40. Rb7 Nb5 41. Bxb5 Rxb5 42. Rxb5 cxb5 43. c6 Rc8 44. c7 Kd6 45. Bb6 Bc6 46. Ba5 Kd7 47.
f3 Ra8 48. Bb6 Bb7 49. Kf2 Ra6 50. Bd4 Rc6 51. Rxc6 Bxc6 52. Be5 Bb7 53. f4 Ke6 54. g3 g4 55. h4 h5 56. Ke1 Kd7 57. Kd2 Kc6 58.
Kc3 Kc5 59. Bf6 Bc8 60. Bd8 d4+ 61. exd4+ Kd5 62. Bf6 Bd7 63. Be5 Bc8 64. Kd2 Bd7 65. Ke3 Kc4 66. Bf6 Be6 67. d5 Kxd5 68. Kd2 Kd6 69.
Be5+ Kc6 70. Kc3 Kc5 71. Bd4+ Kd5 72. Be3 Bc8 73. Kb4 Kc6 74. Bd4 Kxc7 75. Kxb5 Bd7+ 76. Kc5 Kb7 77. Kd5 Bc8 78. Ke5 Kc6 79. Kf6 Kd5 80. Be3 Bd7 81. Kg6 Kc4 82. Kxh5 Kd3 83. Bb6 e3 84. Kg5 e2 85. Bf2 Ke4 86. h5 Kf3 87. Be1 Kg2 88. h6 Kf1 89. Bc3 Kf2 90. h7 Kxg3 91. h8=Q Bb5 92. Qd4 Ba6 93. Qe3+ Kg2 94.
Be1 Bb7 95. Qf2+ Kh1 96. Kxf5 Bg2 97. Kxg4 Bf3+ 98. Kg3 Bg2 99. Qxg2# 1-0

[Event "*** Titled Tuesday Blitz"]
[Site "Chess.com"]
[Date "2021.02.02"]
[Round "2"]
[White "Meri-Arabidze"]
[Black "Jospem"]
[Result "1/2-1/2"]
[WhiteElo "2610"]
[BlackElo "3044"]
[TimeControl "180+1"]
[EndTime "10:22:48 PST"]
[Termination "Game drawn - insufficient material"]

1. d4 Nf6 2. c4 e6 3. Nf3 Bb4+ 4. Nc3 b6 5. e3 Bb7 6. Bd3 O-O 7. O-O c5 8. Na4 cxd4 9. exd4 Be7 10. a3 d6 11. b4 Nbd7 12. Re1 Rc8 13. Bf4 a6 14. h3 Re8 15. Rc1 Bf8 16. Bh2 h6 17. Nc3 g6 18. Ne4 Nxe4 19. Bxe4 Bxe4 20. Rxe4 d5 21. cxd5 Rxc1 22. Qxc1 Nf6 23. Re2 Nxd5 24. Rc2 a5 25. bxa5 bxa5 26. Ne5 Qb6 27. Nd7 Qxd4 28. Be5 Qa4 29. Nxf8 Kxf8 30. Qxh6+ Ke7 31. Rb2 Qc6 32. Qh4+ Kd7 33. Kh2 Re7 34. Rb8 Re8 35. Rxe8 Kxe8 36. Qh8+ Ke7 37. Bg7 Qd6+ 38. g3 Kd7 39. a4 Qc5 40. Bd4 Qc2 41. Qf8 Qf5 42. Qc5 Qd3 43. Be5 Qa6 44. Qf8 f5 45. Qf7+ Kd8 46. Qxg6 Qe2 47.
Bd4 Qe4 48. Qg7 f4 49. Bf6+ Kc8 50. Qf8+ Kb7 51. Qf7+ Kb6 52. g4 Kc5 53. Be7+ Kc4 54. Bh4 Kd3 55. Qb7 Kc2 56. Qc6+ Kb3 57. Qb5+ Nb4 58.
Qxa5 f3 59. Qc7 Qd3 60. Qf4 Ka2 61. Qe3 Qc2 62. Qxf3 Nd3 63. Bg3 e5 64. Qe4 Qd2 65.
Qd5+ Kb1 66. a5 Qe2 67. Qb7+ Kc1 68. Qc6+ Kd1 69. Qh1+ Kd2 70. Qg2 e4 71. a6 Ne1 72.
a7 Nxg2 73. a8=Q Ne1 74. Qa2+ Nc2 75. Qd5+ Kc3 76. Be5+ Kb4 77. Bd6+ Ka4 78. Qc6+ Kb3 79. Qd5+ Kb2 80. Be5+ Kc1 81. Bf4+ Kb1 82. Qb7+ Ka2 83. Bg3 Ne1 84. Qa7+ Kb2 85. Qb6+ Ka1 86. Qa5+ Kb1 87. Qb4+ Kc2 88. Qa4+ Kb2 89. Be5+ Kb1 90. Qa1+ Kc2 91. Qb2+ Kd3 92. Qxe2+ Kxe2 93. Bg3 Nd3 94. h4 Nxf2 95. g5 e3 96. Bf4 Ne4 97. Bxe3 Kxe3 98. g6 Kf4 99. g7 Nf6 100. h5 Kg5 101. h6 Kxh6 102. g8=Q Nxg8 1/2-1/2

[Event "*** Titled Tuesday Blitz"]
[Site "Chess.com"]
[Date "2021.02.02"]
[Round "2"]
[White "A-Fier"]
[Black "IriBu"]
[Result "1-0"]
[WhiteElo "2853"]
[BlackElo "2542"]
[TimeControl "180+1"]
[EndTime "10:22:54 PST"]
[Termination "A-Fier won by resignation"]

1. d4 Nf6 2. c4 e6 3. Nf3 Bb4+ 4. Bd2 Qe7 5. g3 Bxd2+ 6. Qxd2 Nc6 7. Nc3 d5 8. cxd5 exd5 9. Bg2 O-O 10. O-O Bf5 11.
e3 a6 12. Rac1 Rfe8 13. Ne1 Rad8 14. Nd3 Bxd3 15. Qxd3 Na7 16. a3 c6 17. b4 Nb5 18.
Na4 Nd6 19. Nc5 Nfe4 20. a4 Nxc5 21. bxc5 Ne4 22. Rb1 Rd7 23. Rb2 g6 24. Rfb1 f5 25.
Rb4 Qf7 26. Qb3 Ree7 27. Qc2 h5 28. h4 Nf6 29. Bf3 Ne4 30. Kg2 Kg7 31. Re1 Nf6 32. Be2 Ne4 33. Bd3 Nf6 34. Rbb1 Rd8 35. Re2 Rde8 36. Rbe1 Ne4 37. a5 Nf6 38. Rg1 Kf8 39. Kf1 Ng4 40. Ke1 Re6 41. Kd1 Qc7 42. Qd2 Qf7 43. Kc2 R8e7 44. Kb3 Qe8 45. Kb4 Qf7 46. Rf1 Kg7 47. Rfe1 Qe8 48. Bb1 Kg8 49. Bc2 Kg7 50. Qd3 Kg8 51. Rd2 Kg7 52. Bd1 Nf6 53.
Bf3 Ne4 54. Bxe4 fxe4 55. Qe2 Qf7 56. g4 Qf3 57. Qxf3 exf3 58. gxh5 gxh5 59. Rg1+ Rg6 60. Rdd1 Re4 61. Rh1 Rg2 62. Rdf1 Re7 63. Rh3 Rf7 64. Kc3 Rg4 65. Kd3 Kh6 66. Rfh1 Rf6 67. Kd2 Rf5 68.
Ke1 Kg6 69. Rg3 Rxg3 70. fxg3 Rf7 71. Kf2 Kf5 72. Kxf3 Ke6+ 73. Ke2 Rg7 74. Rg1 Kf5 75. Kf3 Rg4 76. Re1 Re4 77. Re2 Kf6 78. Rb2 Re7 79.
Rb3 Kf5 80. Rd3 Rf7 81. Rc3 Ke6+ 82. Ke2 Kf5 83. Kf3 Ke6+ 84. Kg2 Kf5 85. Rb3 Kg4 86.
Rb2 Re7 87. Re2 Kf5 88. Rf2+ Ke4 89. Rf3 Rg7 90. Kf2 Kd3 91. Rf5 Rh7 92. Rf4 Re7 93. Rf5 Rh7 94. Kf3 Kc4 95. g4 hxg4+ 96.
Kxg4 Kb5 97. Rf1 Kxa5 98. Rb1 Ka4 99. h5 Ka3 100. Kg5 Ka2 101. Rb6 Re7 102. h6 Rxe3 103. h7 Rh3 104. Rxb7 a5 105. Kg6 a4 106. Kg7 Rg3+ 107. Kf8 Rh3 108. Kg8 a3 109. h8=Q Rxh8+ 110. Kxh8 Ka1 111. Rb6 a2 112. Rxc6 Kb2 113. Ra6 Kc3 114. Rxa2 Kxd4 115. c6 Kc3 116. c7 Kb3 117. Rd2 1-0

[Event "*** Titled Tuesday Blitz"]
[Site "Chess.com"]
[Date "2021.02.02"]
[Round "2"]
[White "Alexsur1981"]
[Black "szachuspl"]
[Result "1/2-1/2"]
[WhiteElo "2839"]
[BlackElo "2547"]
[TimeControl "180+1"]
[EndTime "10:22:54 PST"]
[Termination "Game drawn - insufficient material"]

1. e4 c5 2. Nc3 Nc6 3. Bb5 Nd4 4. Nf3 Nxb5 5. Nxb5 d6 6. d4 a6 7. Nc3 cxd4 8.
Qxd4 e5 9. Qd3 h6 10. Nd2 Be6 11. Nc4 Nf6 12. Ne3 Be7 13. O-O O-O 14. Ncd5 Rc8 15.
c3 Nxd5 16. Nxd5 Bxd5 17. Qxd5 Qc7 18. Be3 Qc6 19. Rfd1 Rfd8 20. f3 h5 21. Rac1 g6 22. c4 Qxd5 23. Rxd5 Rc6 24. b3 Rdc8 25. a4 f6 26. Kf1 Kf7 27. Ke2 Ke6 28. Kd3 Bd8 29. b4 Be7 30. b5 axb5 31. axb5 R6c7 32. Bb6 Rd7 33. Ra1 f5 34. Ra7 Bd8 35. Be3 b6 36.
Ra6 Rb8 37. Kc3 Rbb7 38. Kb4 f4 39. Bf2 g5 40. h3 Bc7 41. Rd1 Bd8 42. Ra8 h4 43.
Rda1 Ke7 44. Rc8 Rdc7 45. Rxc7+ Bxc7 46. Ra8 Bd8 47. Kb3 Kd7 48. Be1 Be7 49. Bb4 Ke6 50. Rc8 Kd7 51. Rc6 Rb8 52. Ba3 Rb7 53. Bb4 Rb8 54. Be1 Rb7 55. Bf2 Bd8 56. Bg1 Bc7 57.
Kb4 Rb8 58. Bf2 Kc8 59. c5 bxc5+ 60. Kc4 Kd7 61. Ra6 Rb7 62. Be1 Bd8 63. Ra8 Ke7 64.
Ba5 Bxa5 65. Rxa5 Kd7 66. Ra6 Kc7 67. Rc6+ Kd7 68. Ra6 Kc7 69. Ra8 Kb6 70. Rd8 Kc7 71. Rg8 Ra7 72. Rxg5 Ra4+ 73. Kd5 Rd4+ 74. Ke6 c4 75.
Rg8 c3 76. b6+ Kxb6 77. Rc8 Rd3 78. Kf5 Kb5 79. Kg4 Kb4 80. Kxh4 Rd2 81. Kg4 Rxg2+ 82. Kf5 c2 83. Ke6 Kb3 84. Kxd6 Kb2 85.
Kxe5 Rh2 86. Kxf4 Rxh3 87. e5 Rh4+ 88. Ke3 Rb4 89. f4 Rb3+ 90. Kd4 Rf3 91. Ke4 Rc3 92. Rb8+ Ka3 93. Ra8+ Kb4 94. Rb8+ Kc5 95. Rc8+ Kb4 96. Rb8+ Ka4 97. Ra8+ Kb5 98. Ra1 c1=Q 99. Rxc1 Rxc1 100.
Kd5 Rd1+ 101. Ke6 Kc6 102. f5 Kc7 103. f6 Kd8 104.
Kf7 Rh1 105. e6 Re1 106. e7+ Kd7 107. Kf8 Re4 108. Kf7 Re5 109. Kg8 Rg5+ 110. Kf8 Re5 111. Kf7 Re6 112. Kg7 Rxf6 113. Kxf6 Ke8 114. Kg7 Kxe7 1/2-1/2